 Dungeon Crawl Stone Soup version 0.20-a0-923-g548304e (webtiles) character file.

1183617 FrozenPanda the Meteorologist (level 27, -4/206 HPs)
             Began as a Demonspawn Monk on Mar 25, 2017.
             Was the Champion of Cheibriados.
             Killed by dispel undead
             ... invoked by a Tzitzimitl
              (42 damage)
             ... on level 7 of Tartarus on Mar 26, 2017.
             The game lasted 04:54:42 (79011 turns).

FrozenPanda the Meteorologist (Demonspawn Monk)    Turns: 79011, Time: 04:54:42

Health: -4/206     AC: 33    Str: 39    XL:     27
Magic:  0/54       EV: 35    Int: 35    God:    Cheibriados [******]
Gold:   13649      SH:  0    Dex: 42    Spells: 2/62 levels left

rFire    + + .     SeeInvis +   y - +10 great sword of Dishonour {vamp, MR+ Int+4 Dex+2 Stlth-}
rCold    + + .     Gourm    .   (shield currently unavailable)
rNeg     + + +     Faith    .   L - +6 faerie dragon scales {rPois rF+ rCorr Str+3 Stlth+}
rPois    ∞         Spirit   +   (helmet unavailable)
rElec    +         Reflect  .   Y - +2 cloak {MR+}
rCorr    +         Harm     .   W - +3 pair of gauntlets of War {Slay+5}
MR       +++++                  T - +2 pair of boots "Maceomn Perr" {rPois}
Stlth    ++++++....             n - amulet of regeneration
Regen    3.9/turn               u - ring of Cumattyi {rElec MP+9 Dex+4}
MPRegen  0.7/turn               h - ring "Ukaomiwn" {rPois rF+ MR+ Dex+4 Stlth+}

@: lich-form (expiring), very slightly contaminated, slowed, silenced, repel
missiles, very slow
A: antennae 3, fangs 2, repulsion field 3, cold resistance 1, powered by death
3, strong 1, augmentation 3, magic shield, magic regeneration, magic link
}: 11/15 runes: serpentine, barnacled, slimy, silver, golden, abyssal, demonic,
glowing, magical, fiery, dark
a: End Transformation, Renounce Religion


You were on level 7 of Tartarus.
You worshipped Cheibriados.
Cheibriados was exalted by your worship.
You were not hungry.
You were a lich.
You visited 15 branches of the dungeon, and saw 68 of its levels.
You visited Pandemonium 2 times, and saw 22 of its levels.
You visited the Abyss 3 times.
You also visited: Labyrinth, Bailey, Ice Cave and Wizlab.

You collected 15149 gold pieces.
You spent 1500 gold pieces at shops.

Inventory:

Hand Weapons
 y - the +10 great sword of Dishonour (weapon) {vamp, MR+ Int+4 Dex+2 Stlth-}
   (You found it in a labyrinth)

   It inflicts no extra harm, but heals its wielder when it wounds a living foe.
   It affects your intelligence (+4).
   It affects your dexterity (+2).
   It affects your resistance to hostile enchantments.
   It makes you less stealthy.
 Q - the +9 staff of Wucad Mu {channel}
   (You found it on level 2 of the Depths)
 Z - the +6 arbalest "Damnation" {damnation}
   (You found it on level 5 of the Vaults)
Missiles
 M - 2888 bolts
Armour
 L - the +6 faerie dragon scales (worn) {rPois rF+ rCorr Str+3 Stlth+}
   (You took it off the Enchantress on level 1 of the Depths)

   It affects your strength (+3).
   It protects you from fire.
   It protects you from poison.
   It protects you from acid and corrosion.
   It makes you more stealthy.
 R - the +8 crystal plate armour of the Lobster {-Tele Regen+ rCorr Slay+6}
   (You acquired it on level 4 of the Snake Pit)

   It affects your accuracy and damage with ranged weapons and melee attacks
   (+6).
   It prevents most forms of teleportation.
   It increases your rate of regeneration.
   It protects you from acid and corrosion.
 T - the +2 pair of boots "Maceomn Perr" (worn) {rPois}
   (You found it on level 3 of the Tomb of the Ancients)

   It protects you from poison.
 W - the +3 pair of gauntlets of War (worn) {Slay+5}
   (You found it on level 1 of the Vaults)

   It affects your accuracy and damage with ranged weapons and melee attacks
   (+5).
 Y - a +2 cloak of magic resistance (worn)
Jewellery
 a - an uncursed ring of flight
 h - the ring "Ukaomiwn" (right hand) {rPois rF+ MR+ Dex+4 Stlth+}
   (You bought it in a shop on level 1 of the Elven Halls)

   [ring of dexterity]

   It affects your dexterity (+4).
   It protects you from fire.
   It protects you from poison.
   It affects your resistance to hostile enchantments.
   It makes you more stealthy.
 n - an amulet of regeneration (around neck)
 u - the ring of Cumattyi (left hand) {rElec MP+9 Dex+4}
   (You found it on level 3 of the Elven Halls)

   [ring of dexterity]

   It affects your dexterity (+4).
   It insulates you from electricity.
   It affects your magic capacity (+9).
 D - an uncursed ring of protection from cold
 P - the ring of Ymuhi {rF+ Str+3 SInv Stlth+}
   (You found it on level 5 of the Pits of Slime)

   [ring of protection from fire]

   It affects your strength (+3).
   It protects you from fire.
   It lets you see invisible.
   It makes you more stealthy.
Wands
 d - a wand of digging (21/24)
 N - a wand of clouds (7/9)
 S - a wand of acid (11/15)
Scrolls
 c - 6 scrolls of magic mapping
 e - 11 scrolls of teleportation
 f - 2 scrolls of torment {!r}
 j - 9 scrolls of enchant weapon
 l - 11 scrolls of immolation
 r - 34 scrolls of remove curse
 v - 10 scrolls of amnesia
 C - 2 scrolls of enchant armour
 F - 5 scrolls of fear
 I - 11 scrolls of fog
 K - 6 scrolls of summoning
 V - 9 scrolls of recharging
Potions
 b - a potion of agility
 g - 5 potions of brilliance
 i - 28 potions of curing
 m - 6 potions of flight
 o - 8 potions of heal wounds
 q - 3 potions of resistance
 s - 17 potions of lignification
 w - 4 potions of invisibility
 B - 11 potions of magic
 G - 10 potions of mutation
 O - 6 potions of ambrosia
 U - 8 potions of cancellation
Books
 z - a book of Death

   Spells                             Type                      Level
   a - Corpse Rot                     Necromancy                   2
   b - Sublimation of Blood           Necromancy                   2
   c - Agony                          Necromancy                   5
   d - Dispel Undead                  Necromancy                   5
   e - Excruciating Wounds            Charms/Necromancy            5
   f - Bolt of Draining               Conjuration/Necromancy       5
Miscellaneous
 k - 4 phantom mirrors
 t - 5 sacks of spiders
 H - a figurine of a ziggurat
Comestibles
 p - 42 royal jellies
 x - 5 bread rations
 J - 45 fruits


   Skills:
 + Level 14.8 Fighting
 - Level 21.1 Long Blades
   Level 11.7 Polearms
 + Level 8.9 Crossbows
 - Level 13.0 Armour
 + Level 13.9 Dodging
 - Level 6.0 Stealth
   Level 9.6 Shields
 - Level 4.1 Unarmed Combat
 - Level 18.2 Spellcasting
 - Level 20.1 Necromancy
 - Level 21.9 Translocations
 - Level 20.7 Transmutations
 O Level 27 Air Magic
 - Level 13.5 Earth Magic
 - Level 12.0 Invocations
 + Level 9.3 Evocations


You had 2 spell levels left.
You knew the following spells:

 Your Spells              Type           Power        Failure   Level  Hunger
a - Shadow Creatures      Summ           N/A          99%         6    N/A
b - Blink                 Tloc           N/A          0%          2    N/A
c - Controlled Blink      Tloc           N/A          1%          8    N/A
d - Dispel Undead         Necr           ########     0%          5    N/A
e - Death Channel         Necr           ########..   1%          6    N/A
h - Haunt                 Necr/Summ      ########..   17%         7    N/A
n - Necromutation         Tmut/Necr      ########..   1%          8    N/A
p - Portal Projectile     Hex/Tloc       ######       1%          3    N/A
s - Statue Form           Tmut/Erth      ########.    1%          6    N/A
t - Tornado               Air            ########..   3%          9    N/A

Dungeon Overview and Level Annotations

Branches:
Dungeon (15/15)            Temple (1/1) D:7            Lair (6/6) D:9
 Shoals (4/4) Lair:3        Snake (4/4) Lair:3        Slime (5/5) Lair:5
    Orc (2/2) D:12            Elf (3/3) Orc:2        Vaults (5/5) D:13
  Crypt (3/3) Vaults:3       Tomb (3/3) Crypt:3      Depths (5/5) D:15
   Hell (1/1)                 Geh (0/7) Hell            Coc (0/7) Hell
    Tar (7/7) Hell            Zot (4/5) Depths:5
    Dis: Hell:1

Altars:
Ashenzari
Cheibriados
Dithmenos
Elyvilon
Fedhas
Gozag
Hepliaklqana
Kikubaaqudgha
Makhleb
Nemelex Xobeh
Okawaru
Qazlal
Ru
Sif Muna
Trog
Uskayaw
Vehumet
Wu Jian
Xom
Yredelemnul
Zin
The Shining One

Shops:
D:4 (   D:6 *   D:11 :   D:14 =   Orc:2 [!=(   Elf:1 =   Shoals:4 *   Snake:4 %
Vaults:1 :   Depths:4 (

Portals:
Hell: Depths:1 Depths:2 Depths:3 Depths:4 Depths:5
Abyss: Depths:2 Depths:3 Depths:4
Pandemonium: Depths:3 Depths:5
Ziggurat: Depths:3

Annotations:
Tar:7 Ereshkigal
Zot:1 4 runed doors


Innate Abilities, Weirdness & Mutations

You have a pair of large antennae on your head. (SInv)
You are surrounded by a strong repulsion field. (EV +4, RMsl)
You regenerate a lot of health from kills.
Your magical and physical power is greatly enhanced at high health.
When hurt, damage is shared between your health and your magic reserves.
You regenerate magic rapidly.
When low on magic, you restore magic in place of health.
You have extremely sharp teeth.
Your flesh is cold resistant. (rC+)
Your muscles are strong. (Str +2)


Message History

Ereshkigal hits you but does no damage.
The skeletal warrior hits you but does no damage.
Unknown command.
Unknown command.
Unknown command.
You hit the doom hound.
The doom hound is severely wounded.
The smoke demon hits you but does no damage.
The smoke demon completely misses you. x2
Your redback bites Ereshkigal but does no damage.
The doom hound closely misses you. x2; Ereshkigal hits you but does no damage.
The Tzitzimitl engulfs you!
* * * LOW HITPOINT WARNING * * *
The Tzitzimitl drains your vigour!
You feel as though you will be slow longer.
The Tzitzimitl bites you.
* * * LOW HITPOINT WARNING * * *
The Tzitzimitl gestures at you.
You convulse!
You die...

............)........
...........###''###..
##.......###......###
#.....###........5.##
##....##.......z5...#
..###.###.8....W3..8.#
....###
#....§z21z...## .....#
......z1h3W5..# ..#..#
..8...z&LzW8..# .....#
......s1......# ......
#.......W....## ......
#.8........8.# ......
#............# ..#...
##..........##
###......### '######'


You could see Ereshkigal, a doom hound, 3 Tzitzimimeh, 6 skeletal warriors, a
shadow demon, a phantasmal warrior, a smoke demon, a neqoxec, 3 shadows, an iron
imp, a quasit, an ufetubus and a friendly redback.

Vanquished Creatures
  Cerebov (Pan)
  the Royal Jelly (Slime:5)
  Gloorx Vloq (Pan)
  A seraph (Pan)
  Mnoleg (Pan)
  Lom Lobon (Pan)
  The ghost of feamirim the Conqueror, a legendary MiFi of the Shining One (Pan)
  An orb of fire (Zot:3)
  Mara (Shoals:4)
  3 juggernauts
  5 ancient liches
  28 greater mummies
  Margery (Depths:1)
  2 Killer Klowns
  6 pandemonium lords (Pan)
  Vashnia (Snake:4)
  3 caustic shrikes
  6 curse toes
  Saint Roka (Vaults:2)
  Geryon (Hell)
  16 golden dragons
  Nikola (Shoals:2)
  the Enchantress (Depths:1)
  26 Tzitzimimeh
  2 pearl dragons (Pan)
  8 bone dragons
  5 Brimstone Fiends (Pan)
  An electric golem (Zot:1)
  6 doom hounds
  2 hellephants (Pan)
  A moon troll (WizLab)
  21 tentacled monstrosities
  An Ice Fiend (Pan)
  10 titans
  Murray (Hell)
  6 quicksilver dragons
  11 liches
  2 eldritch tentacles (Pan)
  15 sphinxes
  A deep elf master archer (Elf:3)
  16 acid blobs
  8 death cobs
  Polyphemus (Shoals:2)
  A kraken (Shoals:2)
  29 Executioners (Pan)
  10 ancient champions
  Agnes (D:15)
  21 shadow dragons
  18 storm dragons
  13 tentacled starspawn
  Roxanne (D:14)
  5 revenants
  25 daevas (Pan)
  7 draconian monks
  12 tengu reavers
  Ilsuiw (Shoals:4)
  9 azure jellies
  19 nagarajas
  11 deep elf sorcerers
  11 vault wardens
  17 frost giants
  14 fire giants
  16 cacodemons
  Aizul (Snake:1)
  5 ghost moths
  8 deep elf elementalists
  An iron dragon (shapeshifter) (Vaults:5)
  5 warmongers (Pan)
  6 draconian scorchers
  20 balrugs
  2 curse skulls (Pan)
  2 draconian knights
  An iron dragon (Depths:4)
  45 angels
  9 ghouls
  26 reapers
  4 spriggan defenders
  2 draconian stormcallers
  15 ironheart preservers
  28 very ugly things
  4 war gargoyles
  8 blood saints (Pan)
  A juggernaut skeleton (Crypt:3)
  29 stone giants
  12 draconian annihilators
  5 draconian shifters
  23 ophanim (Pan)
  40 apis (Pan)
  11 corrupters (Pan)
  An entropy weaver (Abyss:4)
  11 green draconians
  6 deep elf demonologists
  10 vampire knights
  2 black suns (Pan)
  4 bennus (Tomb:1)
  5 dire elephants
  6 black draconians
  10 yellow draconians
  10 white draconians
  11 lorocyprocas
  5 deep elf annihilators
  8 spark wasps
  11 purple draconians
  12 red draconians
  12 ettins
  5 eidola
  11 jiangshi
  16 fire dragons
  13 deep elf death magi
  22 mummy priests
  3 quicksilver dragon zombies
  4 merfolk javelineers
  A minotaur (Lab)
  11 green deaths (Pan)
  3 death oozes (Slime:5)
  4 merfolk impalers
  18 blizzard demons
  27 yaktaur captains
  9 rakshasas
  Josephine (Lair:6)
  8 deep elf high priests
  19 great orbs of eyes
  5 monstrous demonspawn (Pan)
  Harold (D:11)
  A quicksilver dragon skeleton (Crypt:3)
  18 ice dragons
  9 hydras
  28 naga warriors
  5 hell beasts
  32 vault guards
  A juggernaut simulacrum (Pan)
  4 merfolk aquamancers
  3 alligator snapping turtles (Shoals:4)
  5 spriggan air magi
  10 anacondas
  4 merfolk avatars
  10 centaur warriors
  16 ogre magi
  A catoblepas (Shoals:2)
  8 death yaks
  47 death scarabs
  14 deep troll shamans
  3 death knights
  11 tengu warriors
  4 spriggan berserkers
  62 two-headed ogres
  10 hell hogs
  30 dancing weapons
  2 orc high priests (Depths:1)
  24 shock serpents
  57 sun demons
  15 deep troll earth magi
  A thrashing horror (Abyss:1)
  26 soul eaters
  11 vampire magi
  33 hell knights
  3 storm dragon zombies
  15 naga sharpshooters
  25 deep elf knights
  15 shadow wraiths
  24 sixfirhies
  7 wretched stars
  3 titan skeletons (Pan)
  2 iron trolls
  45 deep trolls
  An orange crystal statue (WizLab)
  51 skeletal warriors
  14 sea snakes
  4 storm dragon skeletons
  12 gelid demonspawn (Pan)
  2 death drakes (shapeshifter)
  2 death drakes (Depths:5)
  3 unseen horrors
  8 flayed ghosts
  A quicksilver dragon simulacrum (Crypt:3)
  29 cherubim (Pan)
  24 shadow demons
  67 large abominations
  6 infernal demonspawn (Pan)
  13 deep elf archers
  8 wizards
  9 glowing orange brains
  12 torturous demonspawn (Pan)
  4 lindwurms (Depths:5)
  24 harpies
  2 golden dragon skeletons (Crypt:3)
  3 shadow dragon zombies
  5 naga ritualists
  16 ironbrand convokers
  17 phantasmal warriors
  An iron giant skeleton (Crypt:1)
  2 wolf spider zombies
  A lindwurm (shapeshifter) (Vaults:3)
  6 anaconda skeletons
  11 necromancers
  73 deep elf magi
  5 fauns
  A wolf spider (shapeshifter) (Vaults:5)
  7 mana vipers
  A stone giant zombie (Tar:3)
  A wolf spider (Vaults:3)
  An oklob plant (Lair:6)
  21 orc knights
  5 shadow dragon skeletons
  3 shining eyes
  A tengu skeleton (Vaults:1)
  78 ugly things
  A moth of wrath (shapeshifter) (Depths:3)
  A fire giant zombie (Vaults:1)
  10 orc sorcerers
  2 worldbinders (Abyss:1)
  7 cyclopes
  21 moths of wrath
  A frost giant zombie (Tar:5)
  A sphinx skeleton (Crypt:3)
  5 ice statues
  14 manticores
  2 dire elephant zombies
  3 iron dragon skeletons (Pan)
  A stone giant skeleton (Tar:2)
  20 elephants
  A salamander (shapeshifter) (Elf:2)
  11 salamanders
  23 guardian serpents
  9 eyes of devastation
  A shock serpent zombie (Crypt:3)
  2 frost giant skeletons
  10 water nymphs
  36 black mambas
  A black mamba (shapeshifter) (Vaults:5)
  2 apocalypse crabs (Abyss:1)
  10 merfolk sirens
  55 smoke demons
  15 vault sentinels
  A centaur zombie (D:12)
  A molten gargoyle (Hell)
  6 rust devils
  25 naga magi
  4 fire giant skeletons
  A human zombie (Vaults:1)
  5 torpor snails (Lair:4)
  A dire elephant skeleton (Pan)
  20 orange demons
  4 centaur skeletons
  4 gargoyles
  A catoblepas zombie (Tar:2)
  6 rime drakes
  17 spiny frogs
  29 hellions
  18 demonic crawlers
  A rime drake (shapeshifter) (Vaults:1)
  A swamp worm zombie (Crypt:1)
  A yaktaur zombie (Vaults:1)
  18 freezing wraiths
  43 starcursed masses
  A grey draconian skeleton (Crypt:3)
  A redback zombie (Crypt:1)
  65 yaktaurs
  2 kobold demonologists (Depths:1)
  35 guardian mummies
  11 ice devils
  10 tormentors
  5 efreet
  9 ancient zymes
  6 komodo dragons
  6 yaktaur skeletons (Vaults:1)
  A queen bee (Abyss:5)
  3 tengu conjurers
  A sea snake skeleton (Crypt:3)
  A jumping spider (shapeshifter) (Vaults:1)
  An anaconda simulacrum (Hell)
  A hydra zombie (Hell)
  4 meliai (Abyss:5)
  22 red devils (Pan)
  31 hellwings
  8 wind drakes
  3 harpy zombies
  A tengu simulacrum (Vaults:3)
  17 merfolk
  16 trolls
  2 merfolk (shapeshifter)
  2 polar bears (D:12)
  102 slime creatures
  2 harpy skeletons
  3 hydra skeletons
  2 raiju (Abyss:1)
  16 hippogriffs
  10 hornets
  A hornet (shapeshifter) (Abyss:3)
  6 bog bodies
  A raiju (shapeshifter) (Vaults:5)
  8 snapping turtles
  An ettin zombie (Crypt:3)
  A hippogriff (shapeshifter) (Vaults:5)
  A slime creature (shapeshifter) (Depths:3)
  37 blink frogs
  3 ice dragon zombies
  2 fire dragon zombies
  13 dream sheep (Lair:6)
  A fire dragon skeleton (Pan)
  An alligator zombie (Hell)
  2 black mamba zombies
  7 air elementals
  7 vampires
  36 ynoxinuls
  Sigmund (D:4)
  2 ettin skeletons
  10 spriggans
  16 water elementals
  62 flying skulls
  32 ushabtiu
  18 wraiths
  24 shadows
  2 alligator skeletons
  3 ice dragon skeletons
  Eustachio (D:4)
  A black mamba skeleton (Pan)
  2 wyverns (D:13)
  40 yaks
  6 fire elementals
  A hog (shapeshifter) (Depths:2)
  4 basilisks
  2 humans (shapeshifter)
  34 chaos spawn
  3 golden eyes (WizLab)
  3 hungry ghosts
  2 steam dragons
  3 fire bats (Pan)
  6 vampire mosquitoes (D:14)
  2 soldier ants
  26 neqoxecs
  A harpy simulacrum (Hell)
  An insubstantial wisp (Abyss:1)
  9 wargs
  60 nagas
  5 hell hounds (Hell)
  15 water moccasins
  A floating eye (shapeshifter) (Depths:3)
  3 spiny frog zombies
  2 acid dragons
  5 swamp drakes
  2 floating eyes
  A meliai simulacrum (D:15)
  6 porcupines
  47 orc warriors
  2 black bears (shapeshifter)
  2 snapping turtle zombies
  12 ice beasts
  2 phantoms
  2 sky beasts (shapeshifter)
  2 black bears
  2 orc zombies (Elf:2)
  3 sky beasts
  An ettin simulacrum (Vaults:3)
  A spiny frog skeleton (Hell)
  26 elf zombies
  7 eyes of draining
  18 necrophages
  60 ogres
  11 boggarts
  A dream sheep zombie (Crypt:1)
  22 centaurs
  6 human skeletons
  18 crocodiles
  A dream sheep skeleton (Crypt:2)
  6 elf skeletons
  A torpor snail zombie (Crypt:3)
  A manticore skeleton (Crypt:3)
  4 big kobolds
  16 bullfrogs
  An octopode zombie (Crypt:1)
  2 cyclops zombies
  6 earth elementals
  2 scorpions
  15 small abominations
  2 wyvern skeletons
  2 spriggan zombies
  15 killer bees
  14 wights
  An electric eel (Lair:1)
  A raiju skeleton (Crypt:3)
  16 crimson imps
  10 howler monkeys
  3 quasits
  2 bullfrog zombies
  A human simulacrum (Vaults:1)
  7 jellies
  A wyvern simulacrum (D:14)
  The ghost of feelmyfire the Sneak, a weakling VSEn (D:3)
  14 hounds
  19 orc priests
  Crazy Yiuf (D:3)
  5 iron imps
  35 orc wizards
  A bullfrog skeleton (D:10)
  A basilisk skeleton (Crypt:3)
  3 hell rats (Hell)
  6 iguanas
  14 worker ants
  A demigod skeleton (Crypt:2)
  A hound zombie (Crypt:1)
  A hound skeleton (D:10)
  38 mummies
  2 worker ant zombies
  Robin (D:2)
  14 adders
  10 gnolls
  13 shadow imps
  6 white imps
  An ufetubus (Abyss:1)
  9 oozes
  An ooze (shapeshifter) (Depths:3)
  A halfling zombie (Crypt:2)
  An adder skeleton (D:9)
  An adder zombie (D:5)
  5 worms
  3 dart slugs (D:3)
  3 leopard geckos
  111 orcs
  5 giant cockroaches
  26 goblins
  10 hobgoblins
  7 jackals
  36 kobolds
  4 quokkas
  2 ball pythons
  5 bats
  6 frilled lizards
  A gnoll skeleton (Crypt:1)
  2 jackal skeletons
  A jackal zombie (Crypt:1)
  A kobold simulacrum (Hell)
  A kobold skeleton (Abyss:5)
  An orc simulacrum (Tar:2)
  An orc skeleton (Vaults:1)
  9 rats
  2 crawling corpses (Elf:1)
  A demonic plant (WizLab)
  4 fire vortices (Pan)
  A fungus (Depths:3)
  2 plants
  8 starspawn tentacles
  3 tentacles (Shoals:2)
4540 creatures vanquished.

Vanquished Creatures (others)
  A pandemonium lord (Pan)
  2 deep elf blademasters (Elf:3)
  A revenant (Tomb:2)
  A white draconian (Zot:2)
  A green death (Pan)
  A quicksilver dragon skeleton (Tomb:2)
  A naga warrior (Snake:4)
  A deep troll shaman (Depths:5)
  17 death scarabs
  A deep elf knight (Elf:3)
  A skeletal warrior (Tomb:1)
  A sixfirhy (Pan)
  2 harpies (Shoals:2)
  A shadow dragon zombie (Tomb:2)
  2 phantasmal warriors
  A deep elf mage (Vaults:5)
  A moth of wrath (Zot:4)
  A black mamba (Snake:3)
  A naga mage (Snake:2)
  An orange demon (Pan)
  A meliai (Abyss:5)
  2 merfolk
  8 flying skulls
  An ettin skeleton (Tomb:2)
  A fire dragon skeleton (Tomb:3)
  2 ynoxinuls (Pan)
  A neqoxec (Pan)
  A chaos spawn (Pan)
  A naga (Snake:4)
  2 ogres (Vaults:4)
  A killer bee (Abyss:5)
  A wight (D:13)
  A hell rat (Hell)
  3 mummies
  7 ball lightnings (Pan)
  2 orcs
  14 fungi
  A lurking horror (Abyss:1)
  13 plants
  22 starspawn tentacles
  7 tentacles (Shoals:2)
131 creatures vanquished.

Grand Total: 4671 creatures vanquished

Notes
Turn   | Place    | Note
-------+----------+-------------------------------------------
     0 | D:1      | FrozenPanda the Demonspawn Monk began the quest for the Orb.
     0 | D:1      | Reached XP level 1. HP: 18/18 MP: 1/1
   346 | D:1      | Gained mutation: You have a pair of small antennae on your head. [demonic ancestry]
   346 | D:1      | Reached XP level 2. HP: 18/24 MP: 2/2
  1111 | D:1      | Gained mutation: When hurt, damage is shared between your health and your magic reserves. [demonic ancestry]
  1111 | D:1      | Reached XP level 3. HP: 29/29 MP: 3/3
  1710 | D:2      | Noticed Robin
  2403 | D:1      | Gained mutation: You are surrounded by a mild repulsion field. (EV +2) [demonic ancestry]
  2403 | D:1      | Reached XP level 4. HP: 31/35 MP: 4/4
  3003 | D:2      | Killed Robin
  3389 | D:3      | Noticed an ice beast
  3611 | D:3      | Killed an ice beast
  3611 | D:3      | Gained mutation: You regenerate a little health from kills. [demonic ancestry]
  3611 | D:3      | Reached XP level 5. HP: 42/42 MP: 3/5
  3624 | D:3      | Noticed feelmyfire's ghost (weakling VSEn)
  3951 | D:3      | Found a runed door.
  4123 | D:3      | Killed feelmyfire's ghost
  4123 | D:3      | Gained mutation: You have a pair of antennae on your head. [demonic ancestry]
  4123 | D:3      | Reached XP level 6. HP: 45/48 MP: 4/6
  4223 | D:3      | Noticed Crazy Yiuf
  4345 | D:3      | Killed Crazy Yiuf
  4660 | D:4      | Got a slimy spear
  4661 | D:4      | Identified the +10 spear "Killer Klown's Curse" {drain, rElec rPois rC- MR+} (You found it on level 4 of the Dungeon)
  4859 | D:4      | Noticed Sigmund
  4868 | D:4      | Killed Sigmund
  4868 | D:4      | Reached skill level 1 in Polearms
  4868 | D:4      | Reached skill level 1 in Armour
  4868 | D:4      | Gained mutation: You are surrounded by a moderate repulsion field. (EV +3) [demonic ancestry]
  4868 | D:4      | Reached XP level 7. HP: 55/55 MP: 7/7
  5120 | D:4      | HP: 2/55 [centaur/arrow (14)]
  5585 | D:4      | Noticed Eustachio
  5592 | D:4      | Killed Eustachio
  5775 | D:4      | Gained mutation: You regenerate health from kills. [demonic ancestry]
  5775 | D:4      | Reached XP level 8. HP: 59/61 MP: 8/8
  5988 | D:4      | Found Wouroym's Antique Weapon Shop.
  6047 | D:5      | Entered Level 5 of the Dungeon
  6171 | D:5      | Reached skill level 5 in Fighting
  6380 | D:5      | Learned a level 2 spell: Blink
  6461 | D:5      | Reached skill level 5 in Dodging
  6550 | D:5      | Found a sparkling altar of Nemelex Xobeh.
  7079 | D:6      | Reached skill level 5 in Stealth
  7193 | D:6      | Reached skill level 5 in Polearms
  7193 | D:6      | Gained mutation: You have a pair of large antennae on your head. (SInv) [demonic ancestry]
  7193 | D:6      | Reached XP level 9. HP: 69/69 MP: 9/9
  7237 | D:6      | Found Lobb's General Store.
  7240 | D:6      | Bought a potion of heal wounds for 60 gold pieces
  7240 | D:6      | Bought a scroll of teleportation for 36 gold pieces
  7398 | D:7      | Found a blossoming altar of Fedhas.
  7445 | D:7      | Got a warped ring mail
  7456 | D:7      | Identified the +4 ring mail of the Will of the Gods {rElec rN++ rCorr Dex-3} (You found it on level 7 of the Dungeon)
  7619 | D:7      | Got a smoking diamond amulet
  7645 | D:7      | Identified the amulet of the Doge {RegenMP -Tele rElec Int+3 Dex+3} (You found it on level 7 of the Dungeon)
  7917 | D:7      | Found a staircase to the Ecumenical Temple.
  7985 | Temple   | Entered the Ecumenical Temple
  8067 | Temple   | Became a worshipper of Kikubaaqudgha
  8067 | Temple   | Reached * piety under Kikubaaqudgha
  8067 | Temple   | Identified Kikubaaqudgha's Tome of Evil Rites (Kikubaaqudgha gifted it to you in the Ecumenical Temple)
  8067 | Temple   | Received a gift from Kikubaaqudgha
  8067 | Temple   | Reached ** piety under Kikubaaqudgha
  8476 | D:8      | Found a flagged portal.
  8486 | Bailey   | Entered a bailey
  8784 | Bailey   | Noticed an orc knight
  8812 | Bailey   | Killed an orc knight
  8812 | Bailey   | Reached skill level 1 in Spellcasting
  8812 | Bailey   | Gained mutation: You are surrounded by a strong repulsion field. (EV +4, RMsl) [demonic ancestry]
  8812 | Bailey   | Reached XP level 10. HP: 65/77 MP: 4/11
  9347 | D:8      | Found a shimmering altar of Xom.
  9593 | D:8      | Reached skill level 5 in Armour
  9856 | D:9      | Reached *** piety under Kikubaaqudgha
  9856 | D:9      | Identified Kikubaaqudgha's Incunabulum of Unholy Secrets (Kikubaaqudgha gifted it to you on level 9 of the Dungeon)
  9856 | D:9      | Received a gift from Kikubaaqudgha
  9915 | D:9      | Found a stormy altar of Qazlal.
  9916 | D:9      | Noticed a two-headed ogre
  9924 | D:9      | Killed a two-headed ogre
  9924 | D:9      | Reached skill level 1 in Shields
 10035 | D:9      | Noticed a tengu warrior
 10046 | D:9      | Killed a tengu warrior
 10082 | D:9      | Found a bloodstained altar of Trog.
 10183 | D:9      | Found a staircase to the Lair.
 10430 | D:9      | Found a shattered altar of Ashenzari.
 10466 | D:9      | Reached **** piety under Kikubaaqudgha
 10723 | D:9      | Reached XP level 11. HP: 81/84 MP: 14/16
 10875 | D:10     | Entered Level 10 of the Dungeon
 10983 | Lair:1   | Entered Level 1 of the Lair of Beasts
 11050 | Lair:1   | Found a frozen archway.
 11352 | Lair:1   | Reached ***** piety under Kikubaaqudgha
 11367 | Lair:1   | Got an encrusted arbalest
 11618 | IceCv    | Entered an ice cave
 11664 | IceCv    | Noticed a white ugly thing
 11679 | IceCv    | Killed a white ugly thing
 11965 | IceCv    | Noticed a white ugly thing
 12194 | IceCv    | Killed a white ugly thing
 12612 | Lair:2   | Noticed a five-headed hydra
 12620 | Lair:2   | Killed a five-headed hydra
 13043 | Lair:2   | Identified the cursed +0 arbalest of Guruchis {penet, +Blink Str+5} (You found it on level 1 of the Lair of Beasts)
 13115 | Lair:2   | Reached skill level 5 in Spellcasting
 13381 | Lair:2   | Reached XP level 12. HP: 94/94 MP: 19/19
 13951 | Lair:3   | Found a staircase to the Shoals.
 13968 | Lair:3   | Reached skill level 5 in Shields
 14388 | Lair:3   | Found a staircase to the Snake Pit.
 14958 | Lair:4   | Noticed a five-headed hydra
 14961 | Lair:4   | Noticed a five-headed hydra
 14979 | Lair:4   | Killed a five-headed hydra
 14986 | Lair:4   | Killed a five-headed hydra
 15344 | Lair:4   | Found a snail-covered altar of Cheibriados.
 16229 | Lair:5   | Noticed a death yak
 16229 | Lair:5   | Noticed a death yak
 16230 | Lair:5   | Noticed a death yak
 16248 | Lair:5   | Reached XP level 13. HP: 98/102 MP: 22/22
 16473 | Lair:5   | Reached skill level 10 in Fighting
 16746 | Lair:5   | Found a staircase to the Slime Pits.
 16992 | Lair:5   | Reached skill level 10 in Polearms
 17358 | Lair:6   | Entered Level 6 of the Lair of Beasts
 17992 | Lair:6   | Reached ****** piety under Kikubaaqudgha
 18152 | Lair:6   | Noticed Josephine
 18181 | Lair:6   | Killed Josephine
 18181 | Lair:6   | Gained mutation: Your magical and physical power is slightly enhanced at high health. [demonic ancestry]
 18181 | Lair:6   | Reached XP level 14. HP: 86/111 MP: 19/25
 18394 | Lair:6   | Reached skill level 10 in Dodging
 19302 | Temple   | Received a gift from Kikubaaqudgha
 21016 | D:11     | Found Rinedd's Book Shoppe.
 21038 | D:11     | Noticed Harold
 21074 | D:11     | Killed Harold
 21785 | D:12     | Gained mutation: You are weak. (Str -2) [mutagenic meat]
 21786 | D:12     | Lost mutation: You are weak. (Str -2) [potion of mutation]
 21786 | D:12     | Gained mutation: You have very sharp teeth. [potion of mutation]
 21786 | D:12     | Gained mutation: You have sharp fingernails. [potion of mutation]
 21786 | D:12     | Gained mutation: You are somewhat resistant to further mutation. [potion of mutation]
 22206 | D:12     | Found a staircase to the Orcish Mines.
 22388 | D:12     | Noticed a frost giant
 22421 | D:12     | Killed a frost giant
 22893 | D:12     | Got the battleaxe of the Nine Cities {freeze}
 22894 | D:12     | Identified the cursed +0 battleaxe of the Nine Cities {freeze, rN++ Int+3 Dex-3 Stlth+} (You found it on level 12 of the Dungeon)
 23280 | D:12     | Reached skill level 10 in Armour
 23365 | Orc:1    | Entered Level 1 of the Orcish Mines
 23533 | Orc:1    | Found a bloodstained altar of Trog.
 23867 | Orc:2    | Entered Level 2 of the Orcish Mines
 23867 | Orc:2    | Found a staircase to the Elven Halls.
 23887 | Orc:1    | Reached XP level 15. HP: 107/119 MP: 22/28
 23941 | Orc:2    | Found Burch's Weapon Shoppe.
 24670 | Orc:2    | Found Paamiofai's Distillery.
 24673 | Orc:2    | Found Seadawyu's Antique Armour Shoppe.
 24677 | Orc:2    | Found Lulet's Jewellery Emporium.
 24679 | Orc:2    | Bought a potion of heal wounds for 85 gold pieces
 24679 | Orc:2    | Bought a potion of curing for 51 gold pieces
 24679 | Orc:2    | Bought a potion of curing for 51 gold pieces
 25151 | D:13     | Found a gate to the Vaults.
 25999 | D:14     | Found Pataong's Jewellery Shoppe.
 26007 | D:14     | Bought a cursed ring of loudness for 72 gold pieces
 26139 | D:14     | Noticed Roxanne
 26146 | D:14     | Found a labyrinth entrance.
 26155 | Lab      | Entered a labyrinth
 26353 | Lab      | Got a bone long sword
 26353 | Lab      | Got an encrusted great sword
 26458 | D:14     | Identified the +7 long sword "Sumigg" {freeze, rPois MP+9} (You found it in a labyrinth)
 26466 | D:14     | Identified the +10 great sword of Dishonour {vamp, MR+ Int+4 Dex+2 Stlth-} (You found it in a labyrinth)
 26523 | D:14     | Reached skill level 1 in Long Blades
 26688 | D:14     | Identified Sif Muna's Volume of Ashen Intoxication
 27402 | D:14     | Killed Roxanne
 27458 | D:15     | Entered Level 15 of the Dungeon
 27476 | D:14     | Cast into level 3 of the Abyss (a wizard)
 27523 | Abyss:3  | Found a corrupted altar of Lugonu.
 27536 | Abyss:3  | Noticed a bone dragon
 27541 | Abyss:3  | Gained mutation: You regenerate magic rapidly. [demonic ancestry]
 27541 | Abyss:3  | Reached XP level 16. HP: 92/127 MP: 20/29
 27608 | Abyss:3  | Killed a bone dragon
 27608 | Abyss:3  | Reached skill level 5 in Long Blades
 27690 | D:14     | Escaped the Abyss
 27959 | D:15     | Noticed Agnes
 28232 | D:15     | Found a blossoming altar of Fedhas.
 28515 | D:15     | Killed Agnes
 28728 | D:15     | Found a staircase to the Depths.
 29203 | Snake:1  | Entered Level 1 of the Snake Pit
 29426 | Snake:1  | Reached skill level 10 in Long Blades
 29462 | Snake:1  | Noticed Aizul
 29475 | Snake:1  | Killed Aizul
 29480 | Snake:1  | Gained mutation: You are agile. (Dex +2) [mutagenic meat]
 30549 | Snake:2  | Gained mutation: You regenerate a lot of health from kills. [demonic ancestry]
 30549 | Snake:2  | Reached XP level 17. HP: 110/133 MP: 25/30
 30725 | Snake:2  | Found a runed door.
 32181 | Snake:4  | Entered Level 4 of the Snake Pit
 32627 | Snake:4  | Reached skill level 15 in Long Blades
 33042 | Snake:4  | Reached XP level 18. HP: 140/140 MP: 31/31
 33058 | Snake:4  | Noticed Vashnia
 33107 | Snake:4  | Killed Vashnia
 33960 | Snake:4  | Got a serpentine rune of Zot
 34118 | Snake:4  | Found Imiaf's Food Boutique.
 34344 | Snake:4  | Identified a scroll of acquirement
 34350 | Snake:4  | Got a translucent crystal plate armour
 34351 | Snake:4  | Identified the +8 crystal plate armour of the Lobster {-Tele Regen+ rCorr Slay+6} (You acquired it on level 4 of the Snake Pit)
 34597 | Lair:4   | Fell from the grace of Kikubaaqudgha
 34597 | Lair:4   | Became a worshipper of Cheibriados the Contemplative
 34762 | Lair:1   | Learned a level 8 spell: Necromutation
 34769 | Lair:1   | Learned a level 6 spell: Statue Form
 34776 | Lair:1   | Learned a level 6 spell: Death Channel
 34785 | Lair:1   | Learned a level 7 spell: Haunt
 34792 | Lair:1   | Learned a level 6 spell: Shadow Creatures
 34906 | Elf:1    | Entered Level 1 of the Elven Halls
 34916 | Elf:1    | Reached skill level 1 in Invocations
 34980 | Elf:1    | Found Gus Vanko's Jewellery Boutique.
 35021 | Elf:1    | Bought the ring "Ukaomiwn" {rPois rF+ MR+ Dex+4 Stlth+} for 857 gold pieces
 35071 | Elf:1    | Reached skill level 5 in Invocations
 35085 | Elf:1    | Got an encrusted chain mail
 35086 | Elf:1    | Identified the +5 chain mail of the Eight Boll Weevils {rPois rF- Int+3} (You found it on level 1 of the Elven Halls)
 35267 | Elf:1    | Reached * piety under Cheibriados
 35758 | Elf:1    | Reached ** piety under Cheibriados
 35761 | Elf:1    | Gained mutation: Your magical and physical power is enhanced at high health. [demonic ancestry]
 35761 | Elf:1    | Reached XP level 19. HP: 139/146 MP: 25/32
 36025 | Elf:2    | Reached skill level 10 in Invocations
 36216 | Elf:2    | Found a runed gate.
 36216 | Elf:2    | Found a runed gate.
 36217 | Elf:2    | Found a runed gate.
 36315 | Elf:2    | Reached *** piety under Cheibriados
 36680 | Elf:2    | Reached **** piety under Cheibriados
 36879 | Elf:3    | Entered Level 3 of the Elven Halls
 37646 | Elf:3    | Reached ***** piety under Cheibriados
 38006 | Vaults:1 | Entered Level 1 of the Vaults
 38097 | Vaults:1 | Gained mutation: When low on magic, you restore magic in place of health. [demonic ancestry]
 38097 | Vaults:1 | Reached XP level 20. HP: 153/153 MP: 33/33
 38482 | Vaults:1 | Was forgiven by Kikubaaqudgha
 38774 | Vaults:1 | Reached ****** piety under Cheibriados
 39333 | Vaults:1 | Found Nipof's Book Shoppe.
 39996 | Elf:3    | Got a scintillating silver ring
 39997 | Elf:3    | Identified the ring of Cumattyi {rElec MP+9 Dex+4} (You found it on level 3 of the Elven Halls)
 40758 | Vaults:2 | Noticed Saint Roka
 40778 | Vaults:2 | Killed Saint Roka
 40986 | Vaults:2 | Reached skill level 10 in Spellcasting
 40986 | Vaults:2 | Reached skill level 1 in Transmutations
 40991 | Vaults:2 | Reached skill level 1 in Earth Magic
 41729 | Vaults:3 | Reached XP level 21. HP: 159/159 MP: 35/35
 42243 | Vaults:3 | Reached skill level 5 in Earth Magic
 42269 | Vaults:3 | Reached skill level 5 in Transmutations
 42601 | Vaults:3 | Found a staircase to the Crypt.
 42601 | Vaults:3 | Found a basalt altar of Yredelemnul.
 42602 | Vaults:3 | Found an ancient bone altar of Kikubaaqudgha.
 43994 | Vaults:5 | Entered Level 5 of the Vaults
 44006 | Vaults:5 | Reached XP level 22. HP: 152/165 MP: 35/37
 44024 | Vaults:5 | Noticed a golden dragon
 44025 | Vaults:5 | Noticed a golden dragon
 44053 | Vaults:5 | Killed a golden dragon
 44101 | Vaults:5 | Killed a golden dragon
 44151 | Vaults:5 | Reached skill level 10 in Earth Magic
 44300 | Vaults:5 | Reached skill level 10 in Transmutations
 44303 | Vaults:5 | Identified the Incunabulum of Spatial Enhancements
 44455 | Vaults:5 | Got an ancient turquoise ring
 44524 | Vaults:5 | Noticed a golden dragon
 44534 | Vaults:5 | Killed a golden dragon
 44773 | Vaults:5 | Gained mutation: Your magical and physical power is greatly enhanced at high health. [demonic ancestry]
 44773 | Vaults:5 | Reached XP level 23. HP: 85/171 MP: 11/39
 44872 | Vaults:5 | Identified the ring "Imoacwig" {*Tele rN+} (You took it off a yaktaur on level 5 of the Vaults)
 44873 | Vaults:5 | Identified the amulet "Dabuf" {Gourm Str+3} (You took it off a deep elf mage on level 5 of the Vaults)
 45101 | Vaults:5 | Got a silver rune of Zot
 45468 | Vaults:5 | Identified the +7 chain mail "Zymnum" {MP+9} (You found it on level 5 of the Vaults)
 45877 | Shoals:1 | Entered Level 1 of the Shoals
 45941 | Shoals:1 | Identified the Papyrus of Earthen Arcane Weapons
 46244 | Shoals:2 | Noticed Nikola
 46253 | Shoals:2 | Killed Nikola
 46255 | Shoals:2 | Noticed Polyphemus
 46274 | Shoals:2 | Killed Polyphemus
 46621 | Shoals:2 | Got a bloodstained hat
 46622 | Shoals:2 | Identified the cursed +0 hat "Giazxah" {rF+ Dex+4} (You found it on level 2 of the Shoals)
 46830 | Shoals:4 | Entered Level 4 of the Shoals
 47067 | Shoals:4 | Noticed Ilsuiw
 47072 | Shoals:4 | Noticed Mara
 47078 | Shoals:4 | Noticed FrozenPanda's illusion
 47093 | Shoals:4 | Killed Ilsuiw
 47119 | Shoals:4 | Noticed FrozenPanda's illusion
 47137 | Shoals:4 | Noticed FrozenPanda's illusion
 47178 | Shoals:4 | Noticed FrozenPanda's illusion
 47182 | Shoals:4 | Killed Mara
 47250 | Shoals:4 | Found Ellilarghun's Assorted Antiques.
 47269 | Shoals:4 | Bought a scroll labeled TEDAOF JOF for 32 gold pieces
 47269 | Shoals:4 | Bought a scroll of teleportation for 96 gold pieces
 47269 | Shoals:4 | Bought a potion of heal wounds for 160 gold pieces
 47355 | Shoals:4 | Got a barnacled rune of Zot
 48904 | Depths:1 | Entered Level 1 of the Depths
 49019 | Depths:1 | Found a gateway to Hell.
 49019 | Depths:1 | Noticed Margery
 49038 | Depths:1 | Killed Margery
 49090 | Depths:1 | Reached XP level 24. HP: 178/178 MP: 40/40
 49127 | Depths:1 | Noticed the Enchantress
 49133 | Depths:1 | Killed the Enchantress
 49168 | Depths:1 | Got faerie dragon scales
 49170 | Depths:1 | Identified the +6 faerie dragon scales {rPois rF+ rCorr Str+3 Stlth+} (You took it off the Enchantress on level 1 of the Depths)
 49589 | Depths:1 | Found a deep blue altar of Sif Muna.
 49678 | Depths:1 | Got a slimy chain mail
 49679 | Depths:1 | Identified the +1 chain mail "Nusm" {rCorr Str+3} (You acquired it on level 1 of the Depths)
 49685 | Depths:1 | Got a scorched copper amulet
 50225 | Depths:2 | Reached skill level 1 in Necromancy
 50247 | Depths:2 | Found a one-way gate to the infinite horrors of the Abyss.
 50422 | Depths:2 | Identified the amulet "Irenucel" {RegenMP +Fly rPois Stlth-} (You took it off a deep elf demonologist on level 1 of the Depths)
 50895 | Depths:3 | Reached skill level 5 in Necromancy
 50897 | Depths:3 | Found a blossoming altar of Fedhas.
 50898 | Depths:3 | Found a one-way gate leading to the halls of Pandemonium.
 50899 | Depths:3 | Found an opulent altar of Gozag.
 50900 | Depths:3 | Found a basalt altar of Yredelemnul.
 50902 | Depths:3 | Found a gateway to a ziggurat.
 51142 | Depths:3 | Paralysed by a floating eye for 4 turns
 51151 | Depths:3 | Paralysed by a floating eye for 2 turns
 51183 | Depths:3 | Gained mutation: You are frail. (-10% HP) [a shining eye]
 51195 | Depths:3 | Lost mutation: You are frail. (-10% HP) [potion of mutation]
 51195 | Depths:3 | Lost mutation: You are somewhat resistant to further mutation. [potion of mutation]
 51195 | Depths:3 | Lost mutation: You are agile. (Dex +2) [potion of mutation]
 51195 | Depths:3 | Lost mutation: You have sharp fingernails. [potion of mutation]
 51195 | Depths:3 | Gained mutation: You have extremely sharp teeth. [potion of mutation]
 51195 | Depths:3 | Gained mutation: Your flesh is cold resistant. (rC+) [potion of mutation]
 51195 | Depths:3 | Gained mutation: Your muscles are strong. (Str +2) [potion of mutation]
 51323 | Depths:3 | Noticed an ancient lich
 51336 | Depths:3 | Killed an ancient lich
 51367 | Depths:3 | Reached XP level 25. HP: 167/184 MP: 41/41
 51372 | Depths:3 | Upgraded the game from 0.20-a0-920-gb18bc0f to 0.20-a0-923-g548304e
 51379 | Depths:3 | Learned a level 4 spell: Passage of Golubria
 51409 | Depths:3 | Identified the Handbook of the Hills
 51417 | Depths:3 | Learned a level 5 spell: Dispel Undead
 51568 | Depths:3 | Reached skill level 15 in Transmutations
 52000 | Depths:4 | Found Esonlit's Antique Weapon Emporium.
 52091 | Depths:4 | Reached skill level 10 in Necromancy
 52765 | Depths:4 | Reached skill level 15 in Spellcasting
 52787 | Depths:4 | Got a pitted lapis lazuli ring
 52843 | Depths:4 | Identified the ring of the Final Chapter {rF- rN++ MR+ Str+3 Stlth+} (You took it off a tengu reaver on level 4 of the Depths)
 52996 | Depths:4 | Paralysed by a floating eye for 2 turns
 53001 | Depths:4 | Paralysed by a floating eye for 4 turns
 53426 | Depths:4 | Got a translucent bronze ring
 53434 | Depths:4 | Identified the ring of Qazlal's Castigation {*Corrode rPois rF+ Str-5 Slay+3 SInv} (You found it on level 4 of the Depths)
 53518 | Depths:4 | Noticed a juggernaut
 53531 | Depths:4 | Killed a juggernaut
 53531 | Depths:4 | Reached XP level 26. HP: 108/191 MP: 28/42
 53828 | Depths:5 | Entered Level 5 of the Depths
 54471 | Depths:5 | Noticed a juggernaut
 54472 | Depths:5 | Noticed a juggernaut
 54483 | Depths:5 | Killed a juggernaut
 54491 | Depths:5 | Killed a juggernaut
 54491 | Depths:5 | Reached skill level 15 in Necromancy
 54715 | Depths:5 | Found a gate to the Realm of Zot.
 55219 | Zot:1    | Entered Level 1 of the Realm of Zot
 55219 | Zot:1    | Found a large runed door.
 55219 | Zot:1    | Found a large runed door.
 55981 | Zot:1    | Reached XP level 27. HP: 196/196 MP: 43/43
 55994 | Zot:1    | Found a large runed door.
 55994 | Zot:1    | Found a large runed door.
 57079 | Zot:3    | Noticed an orb of fire
 57090 | Zot:3    | Killed an orb of fire
 57138 | Zot:3    | Learned a level 8 spell: Controlled Blink
 57409 | Zot:3    | Learned a level 3 spell: Portal Projectile
 57633 | Zot:4    | Got a twisted battleaxe
 57634 | Zot:4    | Identified the +5 battleaxe "Rakkouri" {venom, rF+ Int+4} (You found it on level 4 of the Realm of Zot)
 58491 | Slime:1  | Entered Level 1 of the Pits of Slime
 58610 | Slime:5  | Entered Level 5 of the Pits of Slime
 58671 | Slime:5  | Noticed the Royal Jelly
 58706 | Slime:5  | Killed the Royal Jelly
 58801 | Slime:5  | Got a slimy rune of Zot
 58910 | Slime:5  | Got a twitching bronze ring
 59190 | Lair:1   | Identified the ring of Ymuhi {rF+ Str+3 SInv Stlth+} (You found it on level 5 of the Pits of Slime)
 59204 | Lair:1   | Learned a level 9 spell: Tornado
 59448 | Depths:2 | Voluntarily entered the Abyss.
 59565 | Abyss:1  | Paralysed by accursed screaming for 1 turns
 59809 | Abyss:1  | Reached skill level 1 in Air Magic
 59891 | Abyss:1  | Reached skill level 2 in Air Magic
 59982 | Abyss:1  | Reached skill level 3 in Air Magic
 60048 | Abyss:1  | Reached skill level 4 in Air Magic
 60154 | Abyss:1  | Found a corrupted altar of Lugonu.
 60224 | Abyss:1  | Found a corrupted altar of Lugonu.
 60284 | Abyss:1  | Reached skill level 5 in Air Magic
 60338 | Abyss:1  | Found a large runed door.
 60338 | Abyss:1  | Found a large runed door.
 60350 | Abyss:1  | Found a large runed door.
 60351 | Abyss:1  | Found a large runed door.
 60390 | Abyss:1  | Found a large runed door.
 60440 | Abyss:1  | Reached skill level 6 in Air Magic
 60534 | Abyss:1  | Found a large runed door.
 60535 | Abyss:1  | Found a large runed door.
 60561 | Abyss:1  | Reached skill level 7 in Air Magic
 60665 | Abyss:2  | Got a smoking rapier
 60666 | Abyss:2  | Identified the +1 rapier "Pirif" {freeze, rF++ Int+4} (You found it on level 2 of the Abyss)
 60693 | Abyss:2  | Paralysed by accursed screaming for 1 turns
 60778 | Abyss:5  | Entered Level 5 of the Abyss
 60786 | Abyss:5  | Reached skill level 8 in Air Magic
 60818 | Abyss:5  | Got an abyssal rune of Zot
 60915 | Abyss:5  | Reached skill level 9 in Air Magic
 60995 | Depths:2 | Escaped the Abyss
 61101 | Pan      | Entered Pandemonium
 61128 | Pan      | Noticed feamirim's ghost (legendary MiFi)
 61208 | Pan      | Noticed Lanodd the pandemonium lord
 61220 | Pan      | Killed Lanodd the pandemonium lord
 61220 | Pan      | Reached skill level 10 in Air Magic
 61345 | Pan      | Found an exit through the horrors of the Abyss.
 61392 | Pan      | Killed feamirim's ghost
 61392 | Pan      | Reached skill level 11 in Air Magic
 61893 | Pan      | Reached skill level 12 in Air Magic
 62157 | Pan      | Noticed Neaff the pandemonium lord
 62260 | Pan      | Found an exit through the horrors of the Abyss.
 62513 | Pan      | Reached skill level 13 in Air Magic
 62795 | Pan      | Killed Neaff the pandemonium lord
 62795 | Pan      | Reached skill level 14 in Air Magic
 62798 | Pan      | Got a polished halberd
 62799 | Pan      | Identified the +6 halberd "Acvioq" {holy, rElec rPois MR- Str+2} (You found it in Pandemonium)
 63106 | Pan      | Reached skill level 15 in Air Magic
 63126 | Pan      | Got a crude shield
 63127 | Pan      | Identified the cursed +0 shield "Ryed Bazxi" {Str+6 Int+2 Dex+3} (You found it in Pandemonium)
 63187 | Pan      | Found an exit through the horrors of the Abyss.
 63269 | Pan      | Noticed Uxkuw the pandemonium lord
 63366 | Pan      | Killed Uxkuw the pandemonium lord
 63449 | Pan      | Reached skill level 16 in Air Magic
 64285 | Pan      | Reached skill level 17 in Air Magic
 64796 | Pan      | Reached skill level 18 in Air Magic
 65364 | Pan      | Reached skill level 19 in Air Magic
 65431 | Pan      | Found a glowing silver altar of Zin.
 65751 | Pan      | Reached skill level 20 in Air Magic
 65824 | Pan      | Found a white marble altar of Elyvilon.
 66016 | Pan      | Noticed a seraph
 66084 | Pan      | Killed a seraph
 66089 | Pan      | Found a glowing golden altar of the Shining One.
 66110 | Pan      | Got a demonic rune of Zot
 66134 | Pan      | Reached skill level 21 in Air Magic
 66250 | Depths:3 | Escaped Pandemonium
 66252 | Pan      | Entered Pandemonium
 66796 | Pan      | Found an exit through the horrors of the Abyss.
 67104 | Pan      | Reached skill level 22 in Air Magic
 67133 | Pan      | Noticed Xuitipt the pandemonium lord
 67140 | Pan      | Killed Xuitipt the pandemonium lord
 67187 | Pan      | Found an exit through the horrors of the Abyss.
 67342 | Pan      | Noticed Kakhil the pandemonium lord
 67362 | Pan      | Killed Kakhil the pandemonium lord
 67471 | Pan      | Found an exit through the horrors of the Abyss.
 67724 | Pan      | Got a smoking turquoise ring
 67729 | Pan      | Got a shimmering crystal amulet
 67731 | Pan      | Identified the ring of the Prince {EV+3 Slay+2} (You found it in Pandemonium)
 67732 | Pan      | Identified the amulet "Rolayxiz" {Faith rC+ Dex+3} (You found it in Pandemonium)
 67814 | Pan      | Reached skill level 23 in Air Magic
 67830 | Pan      | Noticed Woir the pandemonium lord
 67838 | Pan      | Killed Woir the pandemonium lord
 67989 | Pan      | Entered the realm of Mnoleg.
 68059 | Pan      | Noticed Mnoleg
 68085 | Pan      | Killed Mnoleg
 68092 | Pan      | Got a glowing rune of Zot
 68307 | Pan      | Entered the realm of Lom Lobon.
 68327 | Pan      | Found an exit through the horrors of the Abyss.
 68579 | Pan      | Reached skill level 24 in Air Magic
 68716 | Pan      | Noticed Lom Lobon
 68738 | Pan      | Killed Lom Lobon
 68781 | Pan      | Got a magical rune of Zot
 69286 | Pan      | Got a steaming plate armour
 69287 | Pan      | Identified the +6 plate armour of an ice cave {rC+ rCorr} (You found it in Pandemonium)
 69378 | Pan      | Noticed Peiclat the pandemonium lord
 69387 | Pan      | Killed Peiclat the pandemonium lord
 69447 | Pan      | Reached skill level 25 in Air Magic
 69643 | Pan      | Found an exit through the horrors of the Abyss.
 69645 | Pan      | Entered the realm of Cerebov.
 69691 | Pan      | Noticed Cerebov
 69825 | Pan      | Killed Cerebov
 70195 | Pan      | Got a steaming platinum amulet
 70197 | Pan      | Identified the amulet of Lagoej {RegenMP rElec SInv} (You found it in Pandemonium)
 70201 | Pan      | Identified the Handbook of Frigorific Battle Magic
 70248 | Pan      | Got a fiery rune of Zot
 70292 | Pan      | Entered the realm of Gloorx Vloq.
 70305 | Pan      | Reached skill level 26 in Air Magic
 70368 | Pan      | Found an exit through the horrors of the Abyss.
 70489 | Pan      | Reached skill level 27 in Air Magic
 70490 | Pan      | Reached skill level 1 in Translocations
 70505 | Pan      | Noticed Gloorx Vloq
 70870 | Pan      | Reached skill level 5 in Translocations
 71240 | Pan      | Killed Gloorx Vloq
 71253 | Pan      | Got a dark rune of Zot
 71735 | Pan      | Found an exit through the horrors of the Abyss.
 71743 | Pan      | Took an exit into the Abyss.
 71743 | Abyss:1  | Escaped into the Abyss
 71785 | Abyss:1  | Found a deep blue altar of Sif Muna.
 71791 | Depths:3 | Escaped the Abyss
 72135 | Crypt:1  | Entered Level 1 of the Crypt
 72171 | Crypt:1  | Found a magical portal.
 72197 | WizLab   | Entered Lehudib's Moon Base
 72269 | WizLab   | Reached skill level 10 in Translocations
 72478 | WizLab   | Got a transparent buckler
 72486 | WizLab   | Identified the +1 buckler of the Eight Boll Weevils {rF- MR+++ MP+9 Int+4} (You found it in a wizard's laboratory)
 73044 | WizLab   | Identified Lehudib's Guide on the Mountains and Conjuration
 73927 | Crypt:3  | Entered Level 3 of the Crypt
 74140 | Crypt:3  | Found an ancient bone altar of Kikubaaqudgha.
 74141 | Crypt:3  | Found a basalt altar of Yredelemnul.
 74270 | Crypt:3  | Noticed an ancient lich
 74281 | Crypt:3  | Killed an ancient lich
 74371 | Crypt:3  | Reached skill level 15 in Translocations
 74660 | Crypt:3  | Found an ancient bone altar of Kikubaaqudgha.
 74689 | Crypt:3  | Identified the Compendium of Torrid Ice
 75029 | Crypt:3  | Found a staircase to the Tomb.
 75037 | Tomb:1   | Entered Level 1 of the Tomb of the Ancients
 75151 | Tomb:1   | Noticed a greater mummy
 75163 | Tomb:1   | Killed a greater mummy
 75171 | Tomb:1   | Noticed a greater mummy
 75174 | Tomb:1   | Noticed a greater mummy
 75178 | Tomb:1   | Killed a greater mummy
 75185 | Tomb:1   | Killed a greater mummy
 75512 | Tomb:1   | Noticed a greater mummy
 75519 | Tomb:1   | Killed a greater mummy
 75825 | Tomb:2   | Noticed a greater mummy
 75825 | Tomb:2   | Noticed a greater mummy
 75825 | Tomb:2   | Noticed a greater mummy
 75828 | Tomb:2   | Noticed a greater mummy
 75829 | Tomb:2   | Killed a greater mummy
 75829 | Tomb:2   | Killed a greater mummy
 75833 | Tomb:2   | Killed a greater mummy
 75835 | Tomb:2   | Killed a greater mummy
 76098 | Tomb:1   | Noticed a greater mummy
 76100 | Tomb:1   | Noticed a greater mummy
 76107 | Tomb:1   | Killed a greater mummy
 76109 | Tomb:1   | Noticed a greater mummy
 76122 | Tomb:1   | Killed a greater mummy
 76126 | Tomb:1   | Killed a greater mummy
 76174 | Tomb:1   | Noticed a greater mummy
 76187 | Tomb:1   | Killed a greater mummy
 76194 | Tomb:1   | Noticed a greater mummy
 76206 | Tomb:1   | Killed a greater mummy
 76223 | Tomb:1   | Noticed a greater mummy
 76230 | Tomb:1   | Killed a greater mummy
 76270 | Tomb:1   | Noticed a greater mummy
 76272 | Tomb:1   | Noticed a greater mummy
 76272 | Tomb:1   | Noticed a greater mummy
 76273 | Tomb:1   | Noticed a greater mummy
 76278 | Tomb:1   | Noticed a greater mummy
 76279 | Tomb:1   | Killed a greater mummy
 76297 | Tomb:1   | Killed a greater mummy
 76319 | Tomb:1   | Killed a greater mummy
 76331 | Tomb:1   | Killed a greater mummy
 76340 | Tomb:1   | Killed a greater mummy
 76472 | Tomb:3   | Entered Level 3 of the Tomb of the Ancients
 76494 | Tomb:3   | Noticed a greater mummy
 76496 | Tomb:3   | Noticed a greater mummy
 76498 | Tomb:3   | Noticed a greater mummy
 76498 | Tomb:3   | Noticed a greater mummy
 76502 | Tomb:3   | Noticed a greater mummy
 76503 | Tomb:3   | Noticed a greater mummy
 76503 | Tomb:3   | Noticed a greater mummy
 76503 | Tomb:3   | Killed a greater mummy
 76504 | Tomb:3   | Killed a greater mummy
 76505 | Tomb:3   | Killed a greater mummy
 76506 | Tomb:3   | Killed a greater mummy
 76507 | Tomb:3   | Noticed a greater mummy
 76507 | Tomb:3   | Noticed a greater mummy
 76513 | Tomb:3   | Killed a greater mummy
 76515 | Tomb:3   | Killed a greater mummy
 76515 | Tomb:3   | Killed a greater mummy
 76516 | Tomb:3   | Killed a greater mummy
 76550 | Tomb:3   | Killed a greater mummy
 76651 | Tomb:3   | Got distressingly furry storm dragon scales
 76652 | Tomb:3   | Identified the +10 storm dragon scales of the Cast Vote {rElec Str+2} (You found it on level 3 of the Tomb of the Ancients)
 76680 | Tomb:3   | Identified Sif Muna's Collected Works on the Volcanoes and the Rocks
 76684 | Tomb:3   | Got a shimmering turquoise ring
 76685 | Tomb:3   | Identified the ring "Nyec" {rN+ MP+9 Str+2 Stlth+} (You found it on level 3 of the Tomb of the Ancients)
 76689 | Tomb:3   | Got a coiled lead ring
 76690 | Tomb:3   | Identified the ring "Jumukug" {rN+ MR- EV+2 Dex+5 Stlth+} (You found it on level 3 of the Tomb of the Ancients)
 76718 | Tomb:3   | Got a translucent plate armour
 76719 | Tomb:3   | Identified the +10 plate armour of the Illusory Ships {*Corrode rElec rPois MR+} (You found it on level 3 of the Tomb of the Ancients)
 76800 | Tomb:3   | Got a pair of ancient boots
 76811 | Tomb:3   | Identified the +2 pair of boots "Maceomn Perr" {rPois} (You found it on level 3 of the Tomb of the Ancients)
 76929 | Tomb:3   | Got a shimmering steel amulet
 76931 | Tomb:3   | Identified the amulet of Orphuig {Inacc +Inv rPois rF- Int+2} (You found it on level 3 of the Tomb of the Ancients)
 77008 | Tomb:3   | Got a golden rune of Zot
 77151 | Tomb:1   | Got a bloodstained great mace
 77157 | Tomb:1   | Identified the cursed +1 great mace "Fomeucw" {venom, Dex+3 Stlth+} (You found it on level 1 of the Tomb of the Ancients)
 77537 | Depths:1 | Reached skill level 1 in Crossbows
 77562 | Hell     | Entered the Vestibule of Hell
 77562 | Hell     | Noticed Geryon
 77565 | Hell     | Noticed Murray
 77569 | Hell     | Reached skill level 1 in Evocations
 77574 | Hell     | Killed Murray
 77583 | Hell     | Killed Geryon
 77728 | Hell     | Found a gateway to the ashen valley of Gehenna.
 77819 | Hell     | Found a gateway to the freezing wastes of Cocytus.
 77889 | Hell     | Found a gateway to the decaying netherworld of Tartarus.
 77899 | Tar:1    | Entered Level 1 of Tartarus
 77943 | Tar:1    | Reached skill level 5 in Evocations
 77960 | Tar:1    | You fall through a shaft!
 78014 | Tar:2    | Reached skill level 5 in Crossbows
 78066 | Tar:2    | Found a shadowy altar of Dithmenos.
 78910 | Tar:7    | Entered Level 7 of Tartarus
 78923 | Tar:7    | Noticed an ancient lich
 78924 | Tar:7    | Noticed an ancient lich
 78929 | Tar:7    | Killed an ancient lich
 78930 | Tar:7    | Killed an ancient lich
 78968 | Tar:7    | Noticed an ancient lich
 78979 | Tar:7    | Killed an ancient lich
 79005 | Tar:7    | Noticed Ereshkigal
 79011 | Tar:7    | Killed from afar by a Tzitzimitl

Vault maps used:
D:1:      minmay_arrival_nine_rooms, minivault_25, st_stairs_13
D:2:      serial_glass, glass_columns_a, glass_columns_a, feat_on_display,
          due_unseen_surprise, minmay_strange_pillars, minmay_strange_pillars,
          kennysheep_generic_room_9, uniq_robin
D:3:      uniq_crazy_yiuf_cottage
D:4:      serial_co_window_serial, co_window_paths_b,
          co_window_of_opportunity_a, co_window_corner_a,
          co_window_of_opportunity_a, co_window_paths_b, co_window_cross_3,
          co_window_broadway_b, co_window_of_opportunity_c,
          co_window_unsneaky_path_b, co_window_unsneaky_path_c,
          co_window_paths_e, glass_columns_b, glass_columns_b, glass_columns_a,
          glass_columns_a, first_bread, serial_shops, kennysheep_mini_moat,
          uniq_sigmund, uniq_eustachio
D:5:      nemelex_dance_club_becter
D:6:      serial_shops, nicolae_shop_behind_doors
D:7:      minmay_temple_entry_trees, fedhas_altar_1
D:8:      serial_glass, glass_columns_a, glass_columns_a, enter_bailey_8,
          tgw_xom
D:9:      kennysheep_kobold_camp, nicolae_qazlal_style_of_elements,
          erik_lair_orcish_takeover, basic_altar, cheibrodos_ashenzari_chains
D:11:     serial_shops, shop, uniq_harold
D:12:     minmay_coctagon, erik_orc_1
D:13:     lightli_vaults_fourway_checkpoint
D:14:     grunt_decor_fettered, serial_shops, nicolae_shop_stone,
          lab_entry_generic, hangedman_little_slice_of_home, uniq_roxanne
D:15:     grunt_enter_depths_magical_seal, basic_altar, minmay_fire_ice_demons,
          uniq_agnes
Temple:   dpeg_three_leaves_temple
Lair:1:   portal_ice_cave_entry_pillars_1, serial_bayou_shore_b,
          wad_woods_river_01, infiniplex_staircase_pool_2
Lair:3:   minmay_shoals_entry_lonely_mermaid, dummy_snake_entry
Lair:4:   kennysheep_snail_temple, grunt_megastairs_2
Lair:5:   minmay_slime_entry_eyes, st_stairs_13, beast_lair_carwin_2,
          serial_bayou_shore_a
Lair:6:   due_jungle_book, patterned_corridor, uniq_josephine
Shoals:1: centaur_isle
Shoals:2: uniq_polyphemus, uniq_nikola
Shoals:4: shoals_end_hangedman, shoals_ilsuiw_alternative, serial_shops,
          nicolae_shop_trees, uniq_mara
Snake:1:  special_room, serial_bayou_lagoon_a, uniq_aizul
Snake:2:  lightli_airlock
Snake:3:  nicolae_snake_single_loop
Snake:4:  snake_hunt, serial_shops, shop_fountains, grunt_megastairs_4,
          uniq_vashnia
Orc:1:    bloody_trog
Orc:2:    st_orc_open, nicolae_orc_lava_tube
Elf:1:    eino_elf_arrival_customs, serial_shops, nicolae_shop_crystal,
          kennysheep_underground_church
Elf:2:    lemuel_elevator
Elf:3:    grunt_elf_hall_asides
Vaults:1: grunt_vaults_hallway_long, v_rooms_5, v_alt_pattern_6,
          nicolae_vaults_network_quincunx, nicolae_vaults_triangles, v_misc_24,
          nicolae_vaults_asterisk, ontoclasm_vaults_chip, vaults_room_hallway,
          serial_shops, shop
Vaults:2: vaults_room_door_hall, nicolae_vaults_little_squares_5,
          hangedman_vaults_capsules, ontoclasm_vaults_shuriken,
          hangedman_vaults_stitches, vaults_room_pool, v_pattern_3,
          ontoclasm_vaults_eye, vaults_room_fours, v_misc_13, v_alt_pattern_4,
          uniq_saint_roka
Vaults:3: v_misc_33, nicolae_vaults_yaktaur_gun_rack,
          nicolae_vaults_little_squares_2, nicolae_vaults_angled_halls,
          nicolae_vaults_what_the_h, minmay_crypt_entry_necro_gods
Vaults:4: ontoclasm_vaults_chip, hangedman_vaults_slither,
          hangedman_vaults_stretched_pinwheel, vaults_mumra_hexcomb, v_misc_22,
          v_misc_24, vaults_dpeg_diagonal, vaults_room_corners,
          nicolae_vaults_little_squares_3, v_misc_24, grunt_vaults_focal,
          vaults_dpeg_ring
Vaults:5: serial_shops
Crypt:1:  infiniplex_enter_wizlab_water, basic_loot_grate_trap,
          nicolae_crypt_soggy_tomb
Crypt:3:  lightli_unholy_cathedral, nicolae_tomb_entry_grand_gallery,
          library_closet, hangedman_crypt_dual_shrines
Depths:1: grunt_metal_band, hangedman_summoners_spam, uniq_enchantress
Depths:2: kennysheep_demon_jail, abyss_entry, minmay_misc_feat_five,
          grunt_hell_entry_dis_grunt, minmay_holes, kb_rosetta,
          infiniplex_staircase_river
Depths:3: hangedman_slaughterboxes, serial_shops, pan_entry, abyss_entry,
          hell_entry
Depths:4: little_maze_vault, hell_entry, serial_shops, shop, abyss_entry,
          hangedman_decor_lopped, minmay_the_grid_plus_closed,
          infiniplex_staircase_pillars_2, serial_bayou_shore_b
Depths:5: lemuel_castle_with_subvaults, rand_demon_pan_entry_8,
          minmay_misc_feat_tiny, hell_entry, serial_bayou_shore_b
Tar:2:    regret_index_dithmenos_brocken_genspenst
Tar:3:    grunt_megastairs_3
Tar:4:    nicolae_tar_cuneiform_sun
Tar:5:    hangedman_tartarus_temple_path
Tar:7:    tar_old
Zot:1:    chequers_guarded_unrand_mask_of_the_dragon
Zot:3:    st_stairs_1
Zot:4:    zot_minivault_1
Abyss:2:  guppyfry_abyss_exit_spiral_guarded
Abyss:3:  bh_abyss_exit_choice, evilmike_abyss_exit_glass
Abyss:4:  minivault_25_ag, evilmike_abyss_exit_3
Abyss:5:  grunt_abyss_rune_wretched_hive
Pan:      evilmike_mini_pan_T, evilmike_mini_pan_3x3,
          evilmike_mini_pan_possible_glass, pan_blood_fountain_small,
          evilmike_holy_pan, nicolae_pan_glass_arcs, nicolae_pan_lom_lobonic_1,
          rand_demon_9, nicolae_pan_gloorx_vloqian_1, rand_demon_6,
          grunt_pan_pentagram, grunt_pan_zigzag, grunt_pan_in_and_out,
          nicolae_pan_gloorx_vloqian_3, lemuel_hellion_island,
          pan_blood_fountain_small, nicolae_pan_cerebovesque_3,
          evilmike_mini_pan_3x3, pan_blood_fountain, evilmike_mini_pan_rooms,
          mnoleg, lom_lobon_spiral_st, pan_blood_fountain,
          nicolae_pan_lom_lobonic_2, nicolae_pan_sigil_uleosi, rand_demon_1,
          nicolae_pan_hourglass, pan_blood_fountain, rand_demon_3,
          lemuel_hall_of_pain, nicolae_pan_lom_lobonic_4, cerebov_grunt,
          nicolae_pan_gloorx_vloqian_4, pan_captured_pigsty,
          evilmike_gloorx_vloq_box, grunt_pan_frozen_over,
          nicolae_pan_mnolegish_3
Lab:      labyrinth_hidden_loot
Bailey:   bailey_polearm_2, bailey
IceCv:    ice_cave_statue_garden_chambered
WizLab:   wizlab_lehudib

Skill      XL: |  1  2  3  4  5  6  7  8  9 10 11 12 13 14 15 16 17 18 19 20 21 22 23 24 25 26 27 |
---------------+----------------------------------------------------------------------------------+-----
Stealth        | 2 3 4 5 6 |  6.0
Dodging        | 3 4 5 6 7 8 9 10 11 13 | 13.9
Unarmed Combat | 3 4 |  4.1
Fighting       | 4 5 6 7 8 9 10 11 12 14 | 14.8
Polearms       | 1 3 5 6 7 8 9 10 11 | 11.7
Armour         | 1 2 3 4 5 7 8 9 10 11 12 13 | 13.0
Spellcasting   | 1 3 5 6 7 9 10 11 12 13 14 15 16 18 | 18.2
Shields        | 2 4 6 7 8 9 |  9.6
Long Blades    | 4 11 15 17 19 21 | 21.1
Invocations    | 9 12 | 12.0
Transmutations | 3 8 10 12 14 16 18 20 | 20.7
Earth Magic    | 3 8 11 12 13 | 13.5
Necromancy     | 8 13 16 20 | 20.1
Air Magic      | 27 | 27.0
Translocations | 21 | 21.9
Crossbows      | 8 |  8.9
Evocations     | 9 |  9.3

Action                   |  1- 3 |  4- 6 |  7- 9 | 10-12 | 13-15 | 16-18 | 19-21 | 22-24 | 25-27 || total
-------------------------+-------+-------+-------+-------+-------+-------+-------+-------+-------++-------
Melee: Unarmed           |   188 |   248 |       |       |       |       |       |       |    23 ||   459
       Punch             |     1 |       |     3 |       |       |     1 |       |       |       ||     5
       Spear             |       |     7 |   280 |  1096 |  2025 |   117 |       |       |       ||  3525
       Bite              |       |       |       |       |   117 |   345 |   368 |   366 |  1535 ||  2731
       Great sword       |       |       |       |       |   148 |  1513 |  1440 |  1319 |  5020 ||  9440
 Fire: Arbalest          |       |       |       |       |       |       |       |       |     1 ||     1
 Cast: Necromutation     |       |       |       |       |       |       |       |       |   245 ||   245
       Tornado           |       |       |       |       |       |       |       |       |    80 ||    80
       Statue Form       |       |       |       |       |       |       |       |       |    53 ||    53
       Blink             |       |       |       |       |       |       |       |       |    16 ||    16
       Dispel Undead     |       |       |       |       |       |       |       |       |     4 ||     4
       Controlled Blink  |       |       |       |       |       |       |       |       |     2 ||     2
Invok: Receive Necronomi |       |       |       |       |     1 |       |       |       |       ||     1
       Step From Time    |       |       |       |       |       |       |     1 |     1 |     1 ||     3
       Slouch            |       |       |       |       |       |       |       |     3 |    14 ||    17
       Temporal Distorti |       |       |       |       |       |       |       |       |    23 ||    23
       Bend Time         |       |       |       |       |       |       |       |       |     3 ||     3
 Abil: End Transformatio |       |       |       |       |       |       |       |       |     8 ||     8
Evoke: Wand              |       |       |     3 |       |     7 |     7 |    10 |     1 |    21 ||    49
       Sack of spiders   |       |       |       |       |       |       |       |       |     3 ||     3
  Use: Potion            |       |     5 |     4 |       |     5 |    14 |     9 |     3 |    30 ||    70
       Scroll            |       |     8 |    18 |    12 |     9 |    14 |     8 |    17 |    78 ||   164
 Stab: Sleeping          |     1 |     5 |     9 |     9 |    11 |       |       |     4 |    44 ||    83
       Invisible         |       |     3 |       |       |       |     3 |       |       |    13 ||    19
       Distracted        |       |       |       |       |     2 |       |       |     2 |    44 ||    48
       Confused          |       |       |       |       |       |       |       |       |     1 ||     1
  Eat: Chunk             |     5 |     8 |     9 |    22 |    33 |    17 |    17 |    16 |    12 ||   139
       Meat ration       |       |       |     1 |     1 |     2 |     2 |       |       |     6 ||    12
       Royal jelly       |       |       |       |       |     2 |     3 |     1 |     1 |     2 ||     9
       Bread ration      |       |       |       |       |     1 |     3 |       |       |     2 ||     6
       Fruit             |       |       |       |       |       |     1 |       |       |     1 ||     2
Armor: Robe              |    33 |    17 |       |       |       |       |       |       |       ||    50
       Ice dragon scales |       |       |    55 |   337 |   648 |   737 |       |       |       ||  1777
       Crystal plate arm |       |       |       |       |       |   121 |   768 |   842 |       ||  1731
       Acid dragon scale |       |       |       |       |       |       |       |   102 |  1623 ||  1725
       Skin              |       |       |       |       |       |       |       |       |   523 ||   523
Dodge: Dodged            |   126 |   153 |   124 |   610 |  1400 |  1852 |  1296 |  2096 |  7671 || 15328
       Deflected         |       |       |       |    13 |    22 |   223 |   114 |   122 |   151 ||   645
Block: Buckler           |       |       |       |   188 |   411 |       |       |       |       ||   599
       Rpst.: Great sword |       |       |       |       |    37 |   344 |   303 |   376 |  1400 ||  2460
